[Event "ICC tourney 2000 (30 10)"]
[Site "Internet Chess Club"]
[Date "2020.09.12"]
[Round "2"]
[White "bonnelleo1"]
[Black "Jonjons"]
[Result "1-0"]
[ICCResult "Black forfeits on time"]
[WhiteElo "1969"]
[BlackElo "1743"]
[Opening "Queen's pawn, Mason variation"]
[ECO "D00"]
[NIC "QP.08"]
[Time "13:03:25"]
[TimeControl "1800+10"]

1. d4 d5 2. Bf4 Nf6 3. e3 c5 4. c3 e6 5. Nf3 Nc6 6. Bd3 Bd6 7. Bxd6 Qxd6 8.
Nbd2 O-O 9. O-O e5 10. Nxe5 Nxe5 11. dxe5 Qxe5 12. Nf3 Qe7 13. Qc2 Bg4 14.
Nd2 Rad8 15. Bf5 Bxf5 16. Qxf5 Rfe8 17. Nf3 Qe6 18. Qf4 Qe4 19. Qc7 Qe7 20.
Qxe7 Rxe7 21. Rfd1 Red7 22. Rd3 Kf8 23. Rad1 Ke7 24. Kf1 b5 25. b4 cxb4 26.
cxb4 Rc8 27. Nd4 a6 28. Nb3 Rc4 29. Nc5 Ra7 30. a3 a5 31. Rd4 axb4 32. axb4
Ra2 33. Ke1 Rb2 34. Nd3 Rxd4 35. exd4 Rb3 36. f3 Nd7 37. Ke2 f6 38. Rc1 Kd6
39. Rc2 Nb6 40. Rb2 Rc3 41. Ra2 {Black forfeits on time} 1-0

[Event "ICC tourney 2000 (30 10)"]
[Site "Internet Chess Club"]
[Date "2020.09.12"]
[Round "3"]
[White "chesslin"]
[Black "MikeWMason"]
[Result "1/2-1/2"]
[ICCResult "Game drawn by repetition"]
[WhiteElo "1943"]
[BlackElo "1806"]
[Opening "Queen's pawn: London system"]
[ECO "A45"]
[NIC "QP.07"]
[Time "15:01:18"]
[TimeControl "1800+10"]

1. d4 Nf6 2. Bf4 d5 3. e3 c5 4. c3 Nc6 5. Nd2 Qb6 6. Qb3 c4 7. Qc2 g6 8. e4
e6 9. Be5 Nxe5 10. dxe5 Ng4 11. Nh3 Bg7 12. exd5 exd5 13. Nf3 Bf5 14. Qa4+
Bd7 15. Qc2 Bf5 16. Qa4+ Bd7 17. Qc2 Bf5 {Game drawn by repetition} 1/2-1/2

[Event "ICC tourney 2000 (30 10)"]
[Site "Internet Chess Club"]
[Date "2020.09.12"]
[Round "3"]
[White "challenger2010"]
[Black "chessmilano"]
[Result "1-0"]
[ICCResult "Black resigns"]
[WhiteElo "1962"]
[BlackElo "1717"]
[Opening "French: advance, Euwe variation"]
[ECO "C02"]
[NIC "FR.03"]
[Time "15:01:18"]
[TimeControl "1800+10"]

1. e4 e6 2. d4 d5 3. e5 c5 4. c3 Nc6 5. Nf3 Bd7 6. g3 Nge7 7. Bh3 cxd4 8.
cxd4 Qb6 9. O-O Nf5 10. Bxf5 exf5 11. Nc3 Be6 12. Ne2 Be7 13. Nf4 O-O 14. b3
Rac8 15. Nh5 f6 16. exf6 Bxf6 17. Nxf6+ Rxf6 18. Bf4 Bf7 19. Ne5 Qxd4 20.
Nxc6 Qxd1 21. Ne7+ Kf8 22. Rfxd1 Kxe7 23. Bg5 h6 24. Bxf6+ Kxf6 25. Rac1 Rd8
26. Rc7 Bh5 27. Rd2 Bf3 28. Rc3 Bh5 29. f4 g5 30. fxg5+ hxg5 31. Rc7 Ke5 32.
Re7+ Kf6 33. Rxb7 d4 34. Rxa7 d3 35. Rc7 Be2 36. Rb7 Ke5 37. Re7+ Kf6 38.
Rb7 Ke5 39. a4 Kd4 40. Kf2 Kc3 41. Rxe2 dxe2 42. Kxe2 Rd2+ 43. Ke3 Rxh2 44.
a5 Ra2 45. b4 Kc4 46. Rb6 Ra3+ 47. Kf2 g4 48. a6 Ra2+ 49. Ke3 Ra3+ 50. Kf4
Rf3+ 51. Kg5 Rxg3 52. Kxf5 Rg1 53. Kf4 g3 54. Kf3 Kd5 55. b5 Kc5 56. a7 Ra1
57. Ra6 {Black resigns} 1-0

[Event "ICC tourney 2000 (30 10)"]
[Site "Internet Chess Club"]
[Date "2020.09.12"]
[Round "3"]
[White "bonnelleo1"]
[Black "michaelxiao"]
[Result "1-0"]
[ICCResult "Black resigns"]
[WhiteElo "1881"]
[BlackElo "1363"]
[Opening "Queen's pawn, Mason variation"]
[ECO "D00"]
[NIC "QP.08"]
[Time "15:01:17"]
[TimeControl "1800+10"]

1. d4 d5 2. Bf4 Nf6 3. e3 e6 4. Nf3 Bd6 5. Bxd6 cxd6 6. c4 dxc4 7. Bxc4 Nc6
8. Nc3 a6 9. a4 d5 10. Bd3 Qb6 11. Qe2 Bd7 12. O-O Rc8 13. Ne5 Qc7 14. f4
Nxe5 15. fxe5 Ne4 16. Bxe4 dxe4 17. Nxe4 Bc6 18. Nd6+ Kf8 19. Rxf7+ Qxf7 20.
Nxf7 Kxf7 21. Qf2+ Ke7 22. Rf1 Rhf8 23. Qh4+ Kd7 24. Rxf8 Rxf8 25. Qxh7
{Black resigns}
1-0

[Event "ICC tourney 2000 (30 10)"]
[Site "Internet Chess Club"]
[Date "2020.09.12"]
[Round "3"]
[White "madrigal"]
[Black "sillytiger"]
[Result "1-0"]
[ICCResult "Black resigns"]
[WhiteElo "1630"]
[BlackElo "1331"]
[Opening "QGD semi-Slav: Romih variation"]
[ECO "D46"]
[NIC "SL.08"]
[Time "15:01:26"]
[TimeControl "1800+10"]

1. c4 e6 2. Nf3 d5 3. e3 Nf6 4. d4 c6 5. Nc3 Nbd7 6. Bd3 Bb4 7. O-O O-O 8.
a3 Bd6 9. b4 e5 10. dxe5 Nxe5 11. Nxe5 Bxe5 12. Qc2 Bxh2+ 13. Kxh2 Ng4+ 14.
Kg3 Qg5 15. f4 Qh5 16. Bd2 g5 17. Rh1 Nh2 18. Rxh2 Qg4+ 19. Kf2 d4 20. Be2
dxe3+ 21. Bxe3 Qf5 22. Bd3 Qg4 23. Bxh7+ Kg7 24. Bd4+ f6 25. Qg6+ Kh8 26.
Bg8+ Qh4+ 27. Rxh4+ gxh4 28. Bf7 {Black resigns} 1-0

[Event "ICC tourney 2000 (30 10)"]
[Site "Internet Chess Club"]
[Date "2020.09.12"]
[Round "3"]
[White "CheddarCheng1"]
[Black "QueenHM"]
[Result "0-1"]
[ICCResult "White checkmated"]
[WhiteElo "1511"]
[BlackElo "1606"]
[Opening "Sicilian: dragon, Yugoslav attack, 7...O-O"]
[ECO "B76"]
[NIC "SI.17"]
[Time "15:02:12"]
[TimeControl "1800+10"]

1. e4 c5 2. Nf3 d6 3. d4 cxd4 4. Nxd4 Nf6 5. Nc3 g6 6. Be3 Bg7 7. f3 O-O 8.
Qd2 Nc6 9. g4 h5 10. g5 Nd7 11. O-O-O Nde5 12. h3 Nxd4 13. Bxd4 Nxf3 14. Qf2
Nxd4 15. Rxd4 Bxd4 16. Qxd4 e5 17. Qf2 Qxg5+ 18. Kb1 Be6 19. h4 Qf4 20. Qe2
a6 21. Qd3 Rfd8 22. Be2 Rac8 23. Nd5 Bxd5 24. exd5 Qd4 25. Qg3 Kh7 26. Qg5
Qxd5 27. Rg1 Qe6 28. Bxh5 Qf5 29. Qe7 Qxh5 30. Qxf7+ Kh6 31. Kc1 Qf5 32. Qd5
Qxc2# {White checkmated} 0-1

[Event "ICC tourney 2000 (30 10)"]
[Site "Internet Chess Club"]
[Date "2020.09.12"]
[Round "3"]
[White "ChessStar22"]
[Black "Adityaki05"]
[Result "1/2-1/2"]
[ICCResult "Game drawn by repetition"]
[WhiteElo "1345"]
[BlackElo "1394"]
[Opening "Modern defense"]
[ECO "A40"]
[NIC "QO.17"]
[Time "15:01:20"]
[TimeControl "1800+10"]

1. d4 g6 2. c4 Bg7 3. Nc3 e6 4. e3 Ne7 5. Nf3 d5 6. cxd5 exd5 7. Bd3 O-O 8.
h3 Be6 9. O-O Nd7 10. Ng5 c5 11. Nxe6 fxe6 12. dxc5 Nxc5 13. Qc2 e5 14. Na4
Nxd3 15. Qxd3 Qa5 16. Nc3 d4 17. exd4 exd4 18. Qc4+ Kh8 19. Qb5 Nc6 20. Qxa5
Nxa5 21. Nb5 Rf7 22. Rd1 Rd7 23. Be3 Nc6 24. Rd2 a6 25. Nxd4 Nxd4 26. Rad1
Rad8 27. Kf1 Kg8 28. Bg5 Re8 29. Be3 Red8 30. Bg5 Re8 31. Be3 Red8 32. Bg5
Re8 33. Be3 {Game drawn by repetition} 1/2-1/2

[Event "ICC tourney 2000 (30 10)"]
[Site "Internet Chess Club"]
[Date "2020.09.12"]
[Round "3"]
[White "orwind"]
[Black "AJ2000"]
[Result "0-1"]
[ICCResult "White resigns"]
[WhiteElo "1412"]
[BlackElo "1715"]
[Opening "Ruy Lopez: exchange variation, Alapin gambit"]
[ECO "C68"]
[NIC "RL.08"]
[Time "15:01:16"]
[TimeControl "1800+10"]

1. e4 e5 2. Nf3 Nc6 3. Bb5 a6 4. Bxc6 dxc6 5. O-O Bg4 6. h3 h5 7. d3 Bd6 8.
Nbd2 Qf6 9. Re1 Ne7 10. c3 Ng6 11. d4 Be6 12. Nb3 Nf4 13. dxe5 Bxe5 14. Nxe5
Qxe5 15. Qd4 Ng6 16. Qxe5 Nxe5 17. Nc5 O-O-O 18. Nxe6 fxe6 19. Bg5 Rd7 20.
Red1 Rf8 21. Rxd7 Nxd7 22. Rd1 e5 23. f3 Nf6 24. Bxf6 Rxf6 25. Kf2 h4 26.
Rd3 Rd6 27. Ke3 Kd7 28. Rxd6+ cxd6 29. f4 Ke6 30. fxe5 Kxe5 31. Kf3 g5 32.
Kg4 Kf6 33. b4 b6 34. Kf3 c5 35. a3 Ke5 36. Kg4 Kxe4 37. Kxg5 d5 38. Kxh4 d4
39. cxd4 c4 40. d5 Kxd5 41. g4 c3 42. g5 c2 43. g6 c1=Q 44. Kh5 Qxa3 45. g7
Qxh3+ 46. Kg6 Qg3+ 47. Kf7 Qxg7+ 48. Kxg7 Kc4 49. Kf6 Kxb4 {White resigns}
0-1

[Event "ICC tourney 2000 (30 10)"]
[Site "Internet Chess Club"]
[Date "2020.09.12"]
[Round "3"]
[White "SparkyNinja"]
[Black "che2468"]
[Result "1-0"]
[ICCResult "Black checkmated"]
[WhiteElo "1511"]
[BlackElo "1478"]
[Opening "Sicilian: Kan, 5.Bd3"]
[ECO "B42"]
[NIC "SI.42"]
[Time "15:01:25"]
[TimeControl "1800+10"]

1. e4 c5 2. Nf3 e6 3. d4 cxd4 4. Nxd4 a6 5. Bd3 b5 6. O-O Bb7 7. Kh1 Nf6 8.
Qe2 Be7 9. a4 b4 10. b3 O-O 11. Nd2 Qc7 12. Bb2 Nc6 13. N2f3 Rfd8 14. Nxc6
Bxc6 15. Nd4 Bb7 16. Rae1 Rac8 17. e5 Nd5 18. f4 d6 19. Qg4 dxe5 20. fxe5 h6
21. Rxf7 Kxf7 22. Qg6+ Kg8 23. Nxe6 Bg5 24. Qh7+ Kf7 25. Nxc7 Rxc7 26. e6+
Kf8 27. Qh8+ Ke7 28. Qxg7+ Kd6 29. Be5+ Kc5 30. Bxc7 Ne3 31. Rxe3 Bxe3 32.
Bxd8 Bd4 33. Qxb7 Be5 34. Be7+ Bd6 35. Qc7+ Kd4 36. Qxd6+ Ke3 37. Qe5+ Kd2
38. Bf6 Kd1 39. Qe2+ Kc1 40. Qe1# {Black checkmated} 1-0

[Event "ICC tourney 2000 (30 10)"]
[Site "Internet Chess Club"]
[Date "2020.09.12"]
[Round "3"]
[White "Jonjons"]
[Black "tortorchess"]
[Result "1-0"]
[ICCResult "Black checkmated"]
[WhiteElo "1750"]
[BlackElo "1468"]
[Opening "QGD Slav defense"]
[ECO "D10"]
[NIC "SL.01"]
[Time "15:01:23"]
[TimeControl "1800+10"]

1. d4 d5 2. c4 c6 3. Nc3 Nf6 4. e3 Bg4 5. Qb3 Qb6 6. Qxb6 axb6 7. h3 Bf5 8.
Nf3 e6 9. Bd2 Bb4 10. Be2 O-O 11. O-O Nbd7 12. a3 Bxc3 13. Bxc3 Ne4 14. Be1
Rfc8 15. Nd2 dxc4 16. Bxc4 b5 17. Be2 Nb6 18. f3 Nxd2 19. Bxd2 Rd8 20. Rac1
e5 21. Bc3 exd4 22. Bxd4 Nd5 23. Rfd1 Be6 24. Bf1 h6 25. Kf2 b4 26. axb4
Nxb4 27. Bc5 Nd5 28. e4 Nf4 29. Ke3 g5 30. h4 f6 31. Rxd8+ Rxd8 32. Be7 Ra8
33. Bxf6 Nh5 34. Be5 gxh4 35. Bd3 Ng3 36. Bf6 Kf7 37. Bxh4 Nh5 38. Be1 Rg8
39. g4 Nf6 40. Bc3 Rh8 41. Rh1 Rg8 42. Rxh6 Nd7 43. Rxe6 Kxe6 44. Bc4+ Ke7
45. Bxg8 Kf8 46. Bh7 c5 47. g5 b5 48. g6 b4 49. g7+ Ke7 50. g8=Q bxc3 51.
Bf5 cxb2 52. Qg7+ Ke8 53. Qxd7+ Kf8 54. Be6 b1=Q 55. Qf7# {Black checkmated}
1-0

[Event "ICC tourney 2000 (30 10)"]
[Site "Internet Chess Club"]
[Date "2020.09.12"]
[Round "3"]
[White "goodcrowdchess"]
[Black "marinaxiao"]
[Result "0-1"]
[ICCResult "White resigns"]
[WhiteElo "1653"]
[BlackElo "1425"]
[Opening "Sicilian: Pelikan, Chelyabinsk variation"]
[ECO "B33"]
[NIC "SI.37"]
[Time "15:01:29"]
[TimeControl "1800+10"]

1. e4 c5 2. Nf3 Nc6 3. d4 cxd4 4. Nxd4 Nf6 5. Nc3 e5 6. Ndb5 d6 7. Bg5 a6 8.
Na3 b5 9. Nd5 Be7 10. Bxf6 Bxf6 11. g3 O-O 12. Bg2 Bg5 13. O-O Be6 14. c4 b4
15. Nc2 a5 16. Nde3 Rc8 17. b3 Bf6 18. Qd3 Ra8 19. Rad1 Be7 20. f4 f6 21.
Kh1 a4 22. Nf5 Bxf5 23. exf5 Na5 24. Bxa8 Qxa8+ 25. Qd5+ Qxd5+ 26. Rxd5 axb3
27. Nxb4 Nxc4 28. Rb1 b2 29. Nc6 Bd8 30. Rd3 Bb6 31. Ne7+ Kh8 32. Nd5 Bd4
33. Nb4 Ra8 34. Nc2 Rxa2 35. Nxd4 exd4 36. Rxd4 Kg8 37. Kg2 Ra1 38. Rxc4
Rxb1 39. Rb4 d5 40. Rb8+ Kf7 41. Rb7+ Ke8 42. g4 Kd8 43. g5 d4 44. g6 hxg6
45. fxg6 d3 46. Rb3 Kc7 47. h4 d2 48. Rc3+ Kb6 49. Rb3+ Kc5 50. Rc3+ Kb4 51.
Rc7 d1=Q 52. Rxg7 Qg4+ 53. Kf2 Qg1+ 54. Kf3 Rf1+ 55. Ke4 b1=Q+ 56. Kd5 Rd1+
57. Ke6 Qe4+ 58. Kxf6 Qgd4+ 59. Kf7 Qb7+ {White resigns} 0-1

[Event "ICC tourney 2000 (30 10)"]
[Site "Internet Chess Club"]
[Date "2020.09.12"]
[Round "3"]
[White "ramennoodle"]
[Black "Mapking1"]
[Result "1-0"]
[ICCResult "Black checkmated"]
[WhiteElo "1920"]
[BlackElo "1670"]
[Opening "English: symmetrical, Botvinnik system"]
[ECO "B20"]
[NIC "EO.30"]
[Time "15:01:28"]
[TimeControl "1800+10"]

1. e4 c5 2. c4 Nc6 3. Nc3 g6 4. g3 Bg7 5. Bg2 e6 6. Nge2 Nge7 7. O-O a6 8.
d3 O-O 9. Be3 b6 10. Rb1 Bb7 11. a3 Nd4 12. b4 d6 13. bxc5 dxc5 14. Na4 Bc6
15. Nxb6 Rb8 16. Bxd4 Bxd4 17. Nxd4 Qxd4 18. Qc2 Qd8 19. Na4 Rxb1 20. Rxb1
Bxa4 21. Qxa4 Qxd3 22. Rd1 Qc3 23. Qxa6 Kg7 24. Qd6 Qc2 25. Rf1 Ng8 26. Qxc5
Nf6 27. e5 Ne4 28. Bxe4 Qxe4 29. Ra1 h5 30. h4 Rd8 31. a4 Rd4 32. a5 Rxc4
33. Qe3 Qxe3 34. fxe3 Kf8 35. a6 Rc8 36. a7 Ra8 37. Kf2 Ke7 38. Kf3 f5 39.
exf6+ Kxf6 40. Kf4 Ke7 41. Ke5 Kf7 42. Kd6 Kf6 43. Kc7 Kf5 44. Kb7 Rxa7+ 45.
Rxa7 Kg4 46. Ra6 Kxg3 47. Rxe6 Kxh4 48. Rxg6 Kh3 49. e4 h4 50. e5 Kh2 51.
Rh6 h3 52. e6 Kg2 53. e7 h2 54. e8=Q h1=N 55. Rxh1 Kxh1 56. Qg6 Kh2 57. Kc6
Kh1 58. Kc5 Kh2 59. Kd4 Kh3 60. Ke4 Kh2 61. Kf3 Kh1 62. Qg2# {Black
checkmated} 1-0

[Event "ICC tourney 2000 (30 10)"]
[Site "Internet Chess Club"]
[Date "2020.09.12"]
[Round "3"]
[White "happyscientist"]
[Black "Zwish"]
[Result "0-1"]
[ICCResult "White resigns"]
[WhiteElo "1717"]
[BlackElo "1958"]
[Opening "Sicilian: Alapin's variation (2.c3)"]
[ECO "B22"]
[NIC "SI.46"]
[Time "15:01:19"]
[TimeControl "1800+10"]

1. e4 c5 2. c3 e6 3. d4 cxd4 4. cxd4 Ne7 5. Nc3 d5 6. e5 Nf5 7. Nf3 Nc6 8.
Bd3 Nfxd4 9. Nxd4 Nxd4 10. Bxh7 Nc6 11. Bc2 Nxe5 12. Bf4 Nc6 13. Qd2 Bd6 14.
Bxd6 Qxd6 15. h3 Bd7 16. O-O-O Ne7 17. Rhe1 O-O-O 18. Ne4 Qc7 19. Ng5 Rhf8
20. Nh7 Rg8 21. Ng5 Be8 22. Re3 d4 23. Rd3 e5 24. f4 Nf5 25. Kb1 Kb8 26.
fxe5 Qxe5 27. Rf3 Nh4 28. Rf2 f6 29. Nf3 Nxf3 30. Rxf3 Bc6 31. Rd3 Rd6 32.
Rxd4 Rxd4 33. Qxd4 Qxd4 34. Rxd4 Bxg2 35. h4 Bh3 36. Rd3 Bg4 37. Rg3 f5 38.
Kc1 Rh8 39. Bxf5 Bxf5 40. Rxg7 Rxh4 41. Kd2 Bc8 42. Kc3 Rh3+ 43. Kc2 Re3 44.
Kd2 Re6 45. Kc3 Rc6+ 46. Kd3 Rc7 47. Rg8 b6 48. b4 Kb7 49. a4 Bd7 50. a5 b5
51. Rd8 Bf5+ 52. Ke3 Bc8 53. Rd4 Rc4 54. Ke4 Kc6 55. Ke5 Rxd4 56. Kxd4 Kd6
57. Ke4 Bb7+ 58. Kd4 a6 59. Kc3 Kd5 60. Kd3 Bc8 {White resigns} 0-1

[Event "ICC tourney 2000 (30 10)"]
[Site "Internet Chess Club"]
[Date "2020.09.12"]
[Round "3"]
[White "BobbyFissure"]
[Black "fascimate"]
[Result "0-1"]
[ICCResult "White resigns"]
[WhiteElo "1507"]
[BlackElo "1784"]
[Opening "Nimzovich-Larsen attack: classical variation"]
[ECO "A01"]
[NIC "VO.08"]
[Time "15:01:19"]
[TimeControl "1800+10"]

1. b3 d5 2. Bb2 c5 3. e3 Nc6 4. f4 e6 5. Nf3 Nf6 6. Be2 Be7 7. d4 Qb6 8. O-O
Ng4 9. Qd2 Nb4 10. Na3 O-O 11. h3 Nf6 12. Bd3 Nxd3 13. cxd3 Qa6 14. Nc2 b6
15. Ne5 Nd7 16. Ne1 Nxe5 17. dxe5 Rd8 18. Nf3 Bd7 19. a4 Rac8 20. Rfc1 Rc7
21. Ba3 Bc6 22. a5 Qb7 23. axb6 axb6 24. d4 Bb5 25. Qc2 Rdc8 26. Qb2 Be8 27.
Qb1 h6 28. g4 c4 29. Bxe7 Rxe7 30. f5 Rec7 31. f6 g6 32. b4 Bb5 33. Nh4 Kh7
34. Rc3 Ra8 35. Rca3 Rcc8 36. Qa2 Rxa3 37. Qxa3 c3 38. Qa7 Qxa7 39. Rxa7 Kg8
40. Ra1 c2 41. Rc1 Bd3 42. Nf3 Rc4 43. Ne1 Be4 44. b5 Rb4 45. Rxc2 Bxc2 46.
Nxc2 Rxb5 47. Kf1 Kf8 48. Ke2 Ke8 49. Kd3 Rb3+ 50. Kd2 Kd7 51. Na1 Rb2+ 52.
Kd3 Rh2 53. Nc2 Rxh3 54. Nb4 Rg3 55. Ke2 Rxg4 56. Kf3 h5 57. Nd3 Rg1 58. Nf2
Rf1 {White resigns} 0-1

[Event "ICC tourney 2000 (30 10)"]
[Site "Internet Chess Club"]
[Date "2020.09.12"]
[Round "3"]
[White "che8642"]
[Black "ajedrez7"]
[Result "0-1"]
[ICCResult "White checkmated"]
[WhiteElo "1460"]
[BlackElo "1637"]
[Opening "Queen's pawn game"]
[ECO "D00"]
[NIC "QP.07"]
[Time "15:01:31"]
[TimeControl "1800+10"]

1. d4 Nf6 2. Nc3 d5 3. Bf4 g6 4. e3 Bg7 5. Be2 O-O 6. h4 c6 7. h5 Re8 8.
hxg6 fxg6 9. Qd2 Nbd7 10. e4 dxe4 11. Bh6 Nf8 12. Bxg7 Kxg7 13. Qh6+ Kh8 14.
Nh3 Bxh3 15. Rxh3 Qxd4 16. g4 Rad8 17. Rd1 Qb6 18. Rxd8 Rxd8 19. g5 Ng8 20.
Qh4 Qd4 21. b3 Qd2+ 22. Kf1 Qd4 23. Bc4 b5 24. Bf7 Qg7 25. Bxg8 Kxg8 26.
Qxe4 a5 27. Qxc6 b4 28. Nd5 Qe5 29. Rd3 Kh8 30. Qb7 e6 31. Nxb4 Rb8 32. Qe7
axb4 33. Rf3 Qg7 34. Rf7 Qa1+ 35. Kg2 Kg8 36. Qa7 Qe5 37. Qe7 Qd5+ 38. Rf3
Rc8 39. Qf7+ Kh8 40. Qf6+ Kg8 41. Qf7+ Kh8 42. Qe7 Qd8 43. Qxb4 Qxg5+ 44.
Kf1 Qc1+ 45. Kg2 Qg5+ 46. Kf1 Qh6 47. Qe7 Qh1+ 48. Ke2 Rxc2+ 49. Kd3 Qxf3+
50. Kxc2 Qxf2+ 51. Kc3 Qf5 52. a4 h5 53. b4 Qf3+ 54. Kc4 Qd5+ 55. Kc3 Kg8
56. a5 Qc6+ 57. Kb3 Qb5 58. Qa7 h4 59. a6 h3 60. Qb7 Qxb7 61. axb7 Nd7 62.
Kc4 h2 63. Kb5 h1=Q 64. Ka6 Qc6+ 65. Ka7 Qb5 66. Ka8 Qxb4 67. Ka7 Qxb7+ 68.
Kxb7 g5 69. Kc6 g4 70. Kxd7 Kf7 71. Kd6 g3 72. Ke5 g2 73. Kf4 g1=Q 74. Ke5
Qc5+ 75. Ke4 Kf6 76. Kf4 Qe5+ 77. Kf3 Kf5 78. Kf2 Qc3 79. Ke2 Ke4 80. Kd1
Qb2 81. Ke1 Ke3 82. Kf1 Qf2# {White checkmated} 0-1

[Event "ICC tourney 2000 (30 10)"]
[Site "Internet Chess Club"]
[Date "2020.09.12"]
[Round "3"]
[White "chessboy2020"]
[Black "jchanson"]
[Result "1/2-1/2"]
[ICCResult "Game drawn by mutual agreement"]
[WhiteElo "1512"]
[BlackElo "1934"]
[Opening "Sicilian: accelerated fianchetto, modern variation with Bc4"]
[ECO "B35"]
[NIC "SI.33"]
[Time "15:01:25"]
[TimeControl "1800+10"]

1. e4 c5 2. Nf3 Nc6 3. d4 cxd4 4. Nxd4 g6 5. Be3 Bg7 6. Nc3 Nf6 7. Bc4 O-O
8. f3 Qb6 9. Bb3 Nxe4 10. fxe4 Bxd4 11. Bxd4 Qxd4 12. Qe2 d6 13. Rd1 Qe5 14.
O-O Nd4 15. Qf2 Nxb3 16. axb3 Bd7 17. Rd5 Qe6 18. Qe3 Bc6 19. Rd4 f5 20. b4
Bxe4 21. Nxe4 fxe4 22. Rxf8+ Rxf8 23. Rxe4 Qf7 24. h3 e5 25. Qxa7 Qd5 26.
Qe3 Qd1+ 27. Kh2 Qxc2 28. Rg4 Qf2 29. Qd3 Qf6 30. Qd5+ Rf7 31. b5 h5 32. Rc4
Kg7 33. b6 h4 34. b4 Qf2 35. Qxd6 Qg3+ 36. Kg1 Qe1+ 37. Kh2 Qg3+ 38. Kg1
Qe3+ 39. Kh2 g5 40. Rc7 Qg3+ 41. Kg1 Qf2+ 42. Kh2 Qf4+ 43. Kg1 Qd4+ 44. Qxd4
exd4 45. Rc4 d3 46. Rd4 Rf6 47. Rxd3 Rxb6 48. Rd4 Kf6 49. Kf2 Ke5 50. Rg4
Kf5 51. Kf3 Rc6 52. Rd4 Rc3+ 53. Ke2 Rc2+ 54. Kf3 Ke5 55. Rg4 Rc3+ 56. Kf2
Kf5 57. Rd4 Rb3 58. Rc4 b6 59. Rd4 Ke5 60. Rg4 Kf5 61. Rc4 Rb2+ 62. Kf3 Rb3+
63. Kf2 Ke5 64. Rg4 Kf6 65. Rc4 b5 66. Rd4 Ke5 67. Rg4 Kf5 68. Rd4 Rb2+ 69.
Kf3 Ke5 70. Rg4 Rb3+ 71. Kf2 Rb2+ 72. Kf3 Rb3+ 73. Kf2 Kf5 74. Rd4
{Game drawn by mutual agreement}
1/2-1/2

[Event "ICC tourney 2000 (30 10)"]
[Site "Internet Chess Club"]
[Date "2020.09.12"]
[Round "4"]
[White "QueenHM"]
[Black "che8642"]
[Result "0-1"]
[ICCResult "White resigns"]
[WhiteElo "1578"]
[BlackElo "1491"]
[Opening "Sicilian: Smith-Morra gambit"]
[ECO "B21"]
[NIC "SI.48"]
[Time "17:01:45"]
[TimeControl "1800+10"]

1. e4 c5 2. d4 cxd4 3. c3 dxc3 4. Nxc3 Nc6 5. Bc4 e6 6. Nf3 a6 7. O-O Nge7
8. Qe2 Ng6 9. Rd1 b5 10. Bb3 Bb7 11. Be3 Na5 12. Bc2 Nc4 13. Bc1 Bb4 14. a3
Ba5 15. b4 Bb6 16. Bg5 f6 17. Bc1 O-O 18. h4 Rc8 19. h5 Nge5 20. Bb3 Nxf3+
21. Qxf3 Ne5 22. Qg3 Nc4 23. Bh6 Qe7 24. Rac1 Kh8 25. Bd2 Rc7 26. Bxc4 Rxc4
27. e5 fxe5 28. Qxe5 Bxf2+ 29. Kf1 Bg3+ 30. Bf4 Rcxf4+ 31. Kg1 Bf2+ 32. Kf1
Bd4+ 33. Ke2 Bxe5 {White resigns} 0-1

[Event "ICC tourney 2000 (30 10)"]
[Site "Internet Chess Club"]
[Date "2020.09.12"]
[Round "4"]
[White "tortorchess"]
[Black "BobbyFissure"]
[Result "1-0"]
[ICCResult "Black resigns"]
[WhiteElo "1492"]
[BlackElo "1493"]
[Opening "Budapest: Adler variation"]
[ECO "A52"]
[NIC "QG.01"]
[Time "17:01:44"]
[TimeControl "1800+10"]

1. d4 Nf6 2. c4 e5 3. dxe5 Ng4 4. Nf3 Bc5 5. e3 Nc6 6. Be2 Ngxe5 7. Nxe5
Nxe5 8. O-O d6 9. Nc3 Be6 10. b3 O-O 11. Bb2 Qg5 12. Ne4 Qg6 13. Nxc5 dxc5
14. Bxe5 Rad8 15. Qc1 c6 16. Rd1 Rxd1+ 17. Qxd1 Re8 18. Bg3 Qf6 19. Rb1 Rd8
20. Qc2 Bf5 21. e4 Bg6 22. h3 Qg5 23. Bf3 h5 24. h4 Qh6 25. Rd1 Re8 26. Qd2
Qh7 27. Qd7 f5 28. exf5 Rf8 29. fxg6 Qxg6 30. Re1 Rxf3 31. gxf3 b5 32. Qe8+
Qxe8 33. Rxe8+ Kf7 34. Rc8 bxc4 35. bxc4 {Black resigns} 1-0

[Event "ICC tourney 2000 (30 10)"]
[Site "Internet Chess Club"]
[Date "2020.09.12"]
[Round "4"]
[White "jchanson"]
[Black "ChessStar22"]
[Result "1/2-1/2"]
[ICCResult "Game drawn by repetition"]
[WhiteElo "1908"]
[BlackElo "1352"]
[Opening "English: Caro-Kann defensive system"]
[ECO "A11"]
[NIC "EO.64"]
[Time "17:01:50"]
[TimeControl "1800+10"]

1. c4 c6 2. Nc3 d5 3. cxd5 cxd5 4. d4 Nf6 5. Bf4 Nc6 6. e3 a6 7. Bd3 Bg4 8.
f3 Bh5 9. Nge2 e6 10. Ng3 Bg6 11. Bxg6 hxg6 12. O-O Bd6 13. Bg5 Be7 14. Re1
Nd7 15. Bxe7 Qxe7 16. e4 dxe4 17. Ngxe4 O-O 18. d5 exd5 19. Nxd5 Qd8 20. Qa4
Qa5 21. Qxa5 Nxa5 22. Ne7+ Kh8 23. Ng5 f6 24. Nxg6+ Kg8 25. Ne7+ Kh8 26. Ne6
Rf7 27. Nc7 Rd8 28. Rad1 Nc6 29. Nxc6 bxc6 30. Rd6 Rc8 31. Nxa6 Ne5 32. Nc5
Nc4 33. Rd4 Ne5 34. f4 Ng6 35. f5 Ne5 36. Ne6 c5 37. Rh4+ Kg8 38. Nf4 Ra7
39. Ng6 Kf7 40. Nxe5+ fxe5 41. a3 c4 42. Rhe4 Rb7 43. Rxe5 Rxb2 44. Re7+ Kf8
45. Ra7 c3 46. Ree7 c2 47. Rf7+ Ke8 48. Rfe7+ Kf8 49. Rf7+ Ke8 50. Rae7+ Kd8
51. Rd7+ Ke8 52. Rfe7+ Kf8 53. Rf7+ Ke8 54. Rfe7+ Kf8 55. Rf7+ Ke8 56. Rfe7+
Kf8 57. Rf7+ Ke8 58. Rde7+ Kd8 59. Rd7+ Ke8 60. Rfe7+ Kf8 61. Rf7+ Ke8 62.
Rde7+ {Game drawn by repetition} 1/2-1/2

[Event "ICC tourney 2000 (30 10)"]
[Site "Internet Chess Club"]
[Date "2020.09.12"]
[Round "4"]
[White "michaelxiao"]
[Black "happyscientist"]
[Result "0-1"]
[ICCResult "White resigns"]
[WhiteElo "1359"]
[BlackElo "1728"]
[Opening "King's Indian: fianchetto with ...Nc6"]
[ECO "E62"]
[NIC "KI.73"]
[Time "17:01:49"]
[TimeControl "1800+10"]

1. c4 Nf6 2. Nf3 g6 3. g3 Bg7 4. Bg2 Nc6 5. d4 d6 6. Nc3 O-O 7. Bf4 Bf5 8.
O-O Re8 9. Qb3 Rb8 10. Rfe1 e5 11. dxe5 dxe5 12. Bg5 Nd4 13. Nxd4 exd4 14.
Nd5 c6 15. Nxf6+ Bxf6 16. Bxf6 Qxf6 17. Rad1 c5 18. Qa3 b6 19. Qxa7 d3 20.
exd3 Qxb2 21. Bd5 Rxe1+ 22. Rxe1 Rf8 23. Re8 Qf6 24. Rxf8+ Kxf8 25. Qa3 Qd4
26. Qa7 Qf6 27. Qa3 Bh3 28. Qc1 Kg7 29. Bg2 Bf5 30. Qd1 Qb2 31. a4 Qa3 32.
Bf1 Bd7 33. Qb1 Qb4 34. Qa1+ f6 35. d4 Bxa4 36. dxc5 bxc5 37. Qc1 Qb3 38. h4
Bc6 39. Qd2 Qf3 {White resigns} 0-1

[Event "ICC tourney 2000 (30 10)"]
[Site "Internet Chess Club"]
[Date "2020.09.12"]
[Round "4"]
[White "marinaxiao"]
[Black "Jonjons"]
[Result "0-1"]
[ICCResult "White checkmated"]
[WhiteElo "1394"]
[BlackElo "1748"]
[Opening "Giuoco Piano"]
[ECO "C54"]
[NIC "IG.02"]
[Time "17:01:45"]
[TimeControl "1800+10"]

1. e4 e5 2. Nf3 Nc6 3. Bc4 Bc5 4. c3 Nf6 5. d3 d6 6. b4 Bb6 7. Bg5 a6 8.
Nbd2 h6 9. Bh4 g5 10. Bg3 Qe7 11. a4 Be6 12. h3 Rd8 13. b5 axb5 14. Bxb5 Bd7
15. Bxc6 Bxc6 16. O-O Nd7 17. d4 Nf8 18. dxe5 dxe5 19. Bxe5 f6 20. Bd4 Ne6
21. Nb3 Bxe4 22. Re1 Bd5 23. Bxb6 cxb6 24. Nbd4 Kf7 25. Qe2 Rhe8 26. Rab1
Qc5 27. Qd3 Nf8 28. Rxe8 Rxe8 29. Rb5 Be4 30. Rxc5 Bxd3 31. Rc7+ Re7 32.
Rxe7+ Kxe7 33. Nb5 Bxb5 34. axb5 Ne6 35. Nd4 Nxd4 36. cxd4 Kd6 37. Kf1 Kd5
38. Ke2 Kxd4 39. Kd2 Kc4 40. Kc2 Kxb5 41. Kb3 Kc5 42. Kc3 b5 43. f3 Kd5 44.
Kb4 Ke5 45. Kxb5 Kf4 46. Kb6 Kg3 47. Kxb7 Kxg2 48. Kc7 Kxf3 49. Kd6 Ke4 50.
Ke6 f5 51. Kf6 f4 52. Kg6 f3 53. Kxh6 f2 54. Kxg5 f1=Q 55. h4 Qf8 56. h5 Qh8
57. h6 Ke5 58. Kg6 Ke6 59. h7 Ke7 60. Kh6 Kf6 61. Kh5 Qxh7+ 62. Kg4 Qf5+ 63.
Kh4 Qg5+ 64. Kh3 Kf5 65. Kh2 Kf4 66. Kh3 Qg3# {White checkmated} 0-1